 Dungeon Crawl Stone Soup version 0.31-a0-532-g28f74ba3e5 (webtiles) character file.

Game seed: 5413123305739100220

46 cforsyth the Charlatan (level 3, -1/28 HPs)
             Began as a Gnoll Artificer on Aug 13, 2023.
             Slain by a hobgoblin (3 damage)
             ... on level 2 of the Dungeon.
             The game lasted 00:01:34 (1288 turns).

cforsyth the Charlatan (Gnoll Artificer)            Turns: 1288, Time: 00:01:34

Health: -1/28      AC:  5    Str: 11    XL:     3   Next: 68%
Magic:  13/13      EV: 12    Int: 12    God:
Gold:   97         SH:  0    Dex: 12    Spells: 3/3 levels left

rFire   . . .        o - +0 dagger (freeze)
rCold   . . .        (no shield)
rNeg    . . .        b - +0 leather armour
rPois   .            f - +1 helmet
rElec   .            (no cloak)
rCorr   .            (no gloves)
SInv    .            (no boots)
Will    .....        (no amulet)
Stlth   ++           g - ring of magical power
HPRegen 0.24/turn    (no ring)
MPRegen 0.13/turn

%: no passive effects
@: no status effects
A: fangs 1, strong nose, distributed training
a: no special abilities


You were on level 2 of the Dungeon.
You visited 1 branch of the dungeon, and saw 2 of its levels.

You collected 97 gold pieces.

Inventory:

Hand Weapons
 a - a +0 club
 o - a +0 dagger of freezing (weapon)
Armour
 b - a +0 leather armour (worn)
 f - a +1 helmet (worn)
Jewellery
 g - a ring of magical power (left hand)
Wands
 c - a wand of flame (9) (quivered)
 d - a wand of charming (14)
 e - a wand of iceblast (5)
Scrolls
 h - a scroll of butterflies {unknown}
 j - a scroll of enchant weapon {unknown}
 k - a scroll of torment {unknown}
 l - a scroll of identify {unknown}
 n - 2 scrolls of fog {unknown}
Potions
 i - a potion of heal wounds {unknown}
 m - 2 potions of curing {unknown}


   Skills:
 + Level 2.6 Fighting
 + Level 0.9 Short Blades
 + Level 0.9 Long Blades
 + Level 0.9 Axes
 + Level 0.9 Maces & Flails
 + Level 0.9 Polearms
 + Level 0.9 Staves
 + Level 0.9 Ranged Weapons
 + Level 0.9 Throwing
 + Level 4.5 Armour
 + Level 2.6 Dodging
 + Level 2.4 Stealth
 + Level 0.9 Shields
 + Level 0.9 Unarmed Combat
 + Level 0.9 Spellcasting
 + Level 0.6 Conjurations
 + Level 0.6 Hexes
 + Level 0.6 Summonings
 + Level 0.6 Necromancy
 + Level 0.6 Translocations
 + Level 0.6 Transmutations
 + Level 0.6 Fire Magic
 + Level 0.6 Ice Magic
 + Level 0.6 Air Magic
 + Level 0.6 Earth Magic
 + Level 0.6 Poison Magic
 + Level 1.0 Invocations
 + Level 6.5 Evocations
 + Level 0.6 Shapeshifting


You had 3 spell levels left.
You didn't know any spells.
Your spell library was empty.

Dungeon Overview and Level Annotations

Branches:
Dungeon (2/15)

Altars:
Kikubaaqudgha


Innate Abilities, Weirdness & Mutations

You have very sharp teeth.
Your uncanny sense of smell can sniff out nearby items.
Your experience applies equally to all skills.


Message History

The orc is severely wounded.
The orc hits you but does no damage. The orc hits you with a +0 club.
The orc barely misses you.
You hit the orc but do no damage.
The orc is severely wounded.
The orc hits you with a +0 club.
* * * LOW HITPOINT WARNING * * *
The orc hits you with a +0 dagger.
* * * LOW HITPOINT WARNING * * *
The orc closely misses you. The orc attacks as you move away!
The orc hits you with a +0 dagger.
* * * LOW HITPOINT WARNING * * *
The orc misses you. The orc attacks as you move away!
The orc barely misses you. The orc barely misses you.
The orc attacks as you move away! The orc closely misses you.
Aiming: Charm
Press: ? - help, Shift-Dir - straight line, f - orc
Aim: an orc, wielding a +0 club and wearing a +0 chain mail (severely wounded, chance to affect: 79%)
The orc is charmed.
The orc hits your orc but does no damage.
The orc throws a boomerang.
The boomerang hits your orc but does no damage.
A hobgoblin comes into view.
The orc hits your orc but does no damage.
Your orc barely misses the orc.
The orc barely misses your orc.
The hobgoblin shouts!
You feel a bit more experienced. The hobgoblin hits you.
* * * LOW HITPOINT WARNING * * *
You hit the hobgoblin. You freeze the hobgoblin.
The hobgoblin is heavily wounded.
Something unseen opens the door.
The hobgoblin misses you.
You closely miss the hobgoblin.
The hobgoblin is heavily wounded.
The hobgoblin closely misses you.
You closely miss the hobgoblin.
The hobgoblin is heavily wounded.
The hobgoblin hits you.
You die...

### ##.# ..#
#.#
#..#.#@######
###
#.....g...o..#
##..
#.+########'.#
#... #∆####
#...
#oo..#####...
#o.........).
#).#.#.......
#.##.#.......
#..oo........


You could see an orc and a hobgoblin.

Vanquished Creatures
  An adder (D:2)
  A dart slug (D:1)
  An orc (D:2)
  4 endoplasms
  3 giant cockroaches (D:1)
  3 goblins
  3 hobgoblins (D:1)
  A quokka (D:1)
  5 ball pythons (D:1)
  3 frilled lizards
  3 kobolds
  3 rats (D:1)
31 creatures vanquished.

Vanquished Creatures (others)
  An orc (D:2)
1 creature vanquished.

Grand Total: 32 creatures vanquished

Notes
Turn   | Place    | Note
-------+----------+-------------------------------------------
     0 | D:1      | cforsyth the Gnoll Artificer began the quest for the Orb.
     0 | D:1      | Reached XP level 1. HP: 17/17 MP: 1/1
   232 | D:1      | Reached XP level 2. HP: 23/23 MP: 2/2
   452 | D:1      | HP: 1/23 [rat (1)]
   689 | D:1      | Reached XP level 3. HP: 26/28 MP: 3/3
   984 | D:2      | Found an ancient bone altar of Kikubaaqudgha.
  1051 | D:2      | Reached skill level 1 in Invocations
  1285 | D:2      | HP: 1/28 [hobgoblin (3)]
  1288 | D:2      | Slain by a hobgoblin

Illustrated notes

Levels and vault maps discovered:
D:1:      erik_arrival_orb_chamber, layout_basic, minmay_misc_feat_tiny
D:2:      layout_basic, basic_altar, small_statue_intersection,
          nicolae_eternal_life, minivault_11, chequers_serial_rivers_micro_d,
          minmay_cut_off

Skill      XL: |  1  2  3 |
---------------+----------+-----
Invocations    | 1 |  1.0
Fighting       | |  2.6
Short Blades   | |  0.9
Long Blades    | |  0.9
Axes           | |  0.9
Maces & Flails | |  0.9
Polearms       | |  0.9
Staves         | |  0.9
Ranged Weapons | |  0.9
Throwing       | |  0.9
Armour         | |  4.5
Dodging        | |  2.6
Stealth        | |  2.4
Shields        | |  0.9
Unarmed Combat | |  0.9
Spellcasting   | |  0.9
Conjurations   | |  0.6
Hexes          | |  0.6
Summonings     | |  0.6
Necromancy     | |  0.6
Translocations | |  0.6
Transmutations | |  0.6
Fire Magic     | |  0.6
Ice Magic      | |  0.6
Air Magic      | |  0.6
Earth Magic    | |  0.6
Poison Magic   | |  0.6
Evocations     | |  6.5
Shapeshifting  | |  0.6

Action                     || total
---------------------------++-------
  Melee: Club              ||   132
         Bite              ||     8
         Dagger            ||    18
  Evoke: Wand              ||     7
   Stab: Sleeping          ||     3
 Armour: Leather armour    ||    63
  Dodge: Dodged            ||   137

Table legend: (Time is in decaauts)
 A = Elapsed time spent in this place.
 B = Non-inter-level travel time spent in this place.
 C = Inter-level travel time spent in this place.
 D = Time resting spent in this place.
 E = Time spent auto-exploring this place.
 F = Levels seen in this place.
 G = Mean time per level.
                   A        B        C        D        E       F      G
               +--------+--------+--------+--------+--------+-----+--------+
         Total |   1320 |   1282 |     38 |      0 |    961 |   2 |  660.0 |
       Dungeon |   1320 |   1282 |     38 |      0 |    961 |   2 |  660.0 |
               +--------+--------+--------+--------+--------+-----+--------+

Top non-repeatable levels by time:
     D:1: 971 daAuts
     D:2: 349 daAuts
